Map: Goldenaura LE

Players

PiG - Winner!

  • Race: Zerg Zerg
  • League: Master
  • Spawn Location: 12:00

Migs (Vindicta)

  • Race: Terran Terran
  • League: Grandmaster
  • Spawn Location: 5:00

VOD

Have the link to the VOD?

Description

Time

  • Played on: Oct. 30, 2023, 5:27 p.m.
  • Length: 22:11
Show
View Real Time Build Order
Export as new Build Order

PiG Zerg - Winner!

Build Orders: Hatch First 

Get SALT Encoding   

  12  0:00  Drone  
  13  0:09  Drone  
  14  0:18  Extractor  
  14  0:19  Drone  
  15  0:38  Hatchery  
  14  0:43  Extractor  
  14  0:44  Drone  
  14  0:49  Overlord  
  15  1:06  Spawning Pool  
  15  1:07  Drone  
  15  1:11  Drone  
  15  1:15  Drone  
  17  1:19  Drone  
  18  1:26  Extractor  
  18  1:29  Drone  
  18  1:39  Drone  
  19  1:51  Drone x2  
  19  1:52  Queen  
  19  1:53  Queen  
  25  2:02  Zergling x2  
  25  2:03  Overlord  
  26  2:14  Drone x2  
  28  2:24  Drone x2  
  30  2:33  Queen x2  
  30  2:34  Drone  
  35  2:41  Drone  
  36  2:58  Overlord  
  36  2:59  Overlord  
  36  3:03  Extractor  
  35  3:09  Drone  
  36  3:17  Lair, Drone x2  
  36  3:19  Roach Warren  
  37  3:22  Drone x5  
  42  3:36  Drone x2  
  42  3:39  Extractor, Overlord  
  42  3:40  Extractor  
  42  3:41  Drone x2  
  44  3:45  Drone x3  
  44  3:46  Drone  
  48  3:53  Drone x3  
  51  4:00  Overlord  
  51  4:09  Hatchery  
  50  4:10  Drone  
  51  4:17  Glial Reconstitution  
  51  4:18  Drone x3  
  51  4:20  Drone  
  51  4:23  Roach  
  57  4:26  Overseer  
  57  4:30  Roach x2  
  61  4:34  Roach  
  63  4:44  Roach x2  
  67  4:55  Overlord x3  
  67  4:56  Overlord x2  
  67  5:15  Roach x5  
  67  5:19  Roach x2, Infestation Pit  
  80  5:23  Roach x4  
  88  5:32  Roach x4  
  88  5:33  Ravager x4  
  88  5:34  Ravager x2  
  102  5:45  Overlord x3  
  102  5:47  Drone  
  103  5:53  Drone  
  104  5:59  Drone x7  
  111  6:10  Drone x7  
  118  6:20  Hive  
  118  6:25  Evolution Chamber  
  118  6:31  Roach x7  
  127  6:45  Queen  
  127  6:47  Queen  
  125  6:49  Extractor  
  125  6:50  Extractor  
  125  6:57  Hatchery, Drone x2  
  125  6:58  Drone x3  
  125  6:59  Drone x2  
  131  7:02  Zerg Ground Armor Level 1  
  131  7:06  Evolution Chamber  
  130  7:10  Overlord x4  
  130  7:23  Queen  
  130  7:25  Spore Crawler  
  130  7:29  Spore Crawler  
  130  7:30  Drone  
  130  7:31  Drone x7  
  130  7:33  Spore Crawler, Infestor  
  139  7:39  Zerg Melee Weapons Level 1  
  139  7:50  Drone x2  
  141  7:51  Spore Crawler  
  141  7:55  Drone x2  
  141  7:57  Spore Crawler  
  141  8:04  Drone x2  
  141  8:05  Drone x7  
  141  8:14  Infestor x2  
  141  8:17  Ultralisk Cavern  
  144  8:24  Queen  
  146  8:28  Queen, Extractor  
  146  8:29  Extractor  
  146  8:30  Queen  
  148  8:34  Infestor x2  
  152  8:41  Metabolic Boost  
  152  8:58  Zerg Ground Armor Level 2  
  152  9:05  Hatchery, Ultralisk  
  152  9:06  Ultralisk  
  152  9:07  Chitinous Plating  
  152  9:08  Overlord x3  
  152  9:09  Overlord x2  
  162  9:35  Spore Crawler  
  161  9:39  Ultralisk x3  
  179  9:53  Drone  
  179  9:54  Drone x3  
  179  9:55  Drone x4  
  187  10:03  Zerg Melee Weapons Level 2  
  187  10:04  Spire  
  187  10:06  Ultralisk  
  192  10:15  Spore Crawler  
  192  10:20  Ultralisk  
  197  10:23  Queen  
  197  10:26  Anabolic Synthesis  
  197  10:36  Drone  
  197  10:37  Spore Crawler, Drone  
  197  10:39  Extractor, Drone  
  197  10:40  Extractor, Drone  
  198  10:46  Spore Crawler  
  184  11:13  Zergling x28  
  177  11:28  Drone x11  
  182  11:38  Corruptor x3  
  182  11:39  Hatchery  
  187  12:00  Zerg Flyer Weapons Level 1  
  187  12:02  Zerg Ground Armor Level 3, Spire  
  187  12:03  Adrenal Glands  
  187  12:07  Baneling Nest  
  185  12:15  Queen x2  
  187  12:18  Extractor  
  186  12:25  Hatchery  
  186  12:27  Hatchery  
  184  12:38  Corruptor  
  173  12:50  Infestor  
  170  12:58  Infestor x2  
  166  13:06  Spore Crawler  
  166  13:08  Spore Crawler  
  165  13:14  Spore Crawler  
  165  13:18  Drone x7  
  148  13:27  Zergling x26  
  148  13:29  Burrow  
  148  13:30  Ultralisk x2  
  148  13:31  Ultralisk x3  
  191  13:47  Ultralisk  
  197  13:54  Extractor  
  178  13:55  Extractor  
  178  13:56  Zergling x14  
  178  14:00  Zerg Melee Weapons Level 3  
  178  14:03  Hatchery  
  178  14:04  Hatchery  
  178  14:09  Zergling x14  
  140  14:28  Zergling x16  
  131  14:35  Zergling x14  
  107  14:51  Hatchery  
  97  14:54  Ultralisk  
  97  14:55  Drone x6  
  105  15:26  Ultralisk x3  
  105  15:27  Corruptor  
  124  15:46  Ultralisk  
  124  15:47  Ultralisk x2  
  142  15:59  Ultralisk x2  
  142  16:00  Ultralisk  
  157  16:19  Hatchery  
  150  16:29  Ultralisk x3  
  166  16:40  Ultralisk x2  
  178  16:50  Zergling x20  
  188  16:56  Infestor  
  164  17:08  Zergling x22  
  164  17:09  Zergling x10  
  164  17:12  Infestor x3  
  170  17:19  Hatchery  
  169  17:25  Zergling x16  
  146  17:37  Zergling x22  
  151  17:45  Infestor  
  155  17:53  Corruptor  
  155  17:55  Zergling x18  
  151  18:10  Infestor  
  151  18:11  Ultralisk  
  151  18:12  Ultralisk  
  155  18:20  Hatchery  
  155  18:24  Drone  
  152  18:52  Ultralisk x2  
  152  18:53  Ultralisk x2  
  152  18:54  Corruptor  
  166  19:12  Ultralisk x2  
  178  19:30  Extractor  
  177  19:34  Hatchery  
  175  19:40  Infestor  
  175  19:41  Zergling x18  
  184  19:45  Centrifugal Hooks  
  184  19:52  Ultralisk x2  
  195  19:53  Zerg Flyer Weapons Level 2  
  196  20:00  Hatchery  
  173  20:29  Ultralisk  
  173  20:33  Zergling x34  
  190  20:40  Zergling x24  
  182  20:57  Ultralisk  
  156  21:13  Ultralisk  
  148  22:04  Extractor  
  148  22:07  Extractor  
Show
View Real Time Build Order
Export as new Build Order

Migs Terran 

Build Orders: Reaper Expand 

Get SALT Encoding   

  12  0:02  SCV  
  13  0:14  SCV  
  14  0:22  Supply Depot  
  14  0:26  SCV  
  15  0:44  Barracks  
  15  0:47  Refinery  
  15  0:52  Barracks  
  15  0:57  SCV  
  16  1:09  SCV  
  17  1:21  SCV  
  18  1:32  Reaper  
  19  1:35  Orbital Command  
  19  1:49  Reaper  
  20  1:59  Command Center  
  20  2:02  SCV  
  21  2:09  Reaper  
  22  2:18  SCV  
  22  2:20  Refinery  
  22  2:22  Supply Depot  
  23  2:26  Barracks Reactor  
  23  2:41  Barracks Tech Lab  
  23  2:43  SCV  
  24  2:55  SCV  
  25  2:59  Marine  
  25  3:00  Factory  
  25  3:03  Marine  
  27  3:07  SCV  
  29  3:17  Marine  
  29  3:18  Orbital Command  
  29  3:19  Stimpack  
  29  3:23  SCV  
  30  3:27  Marine  
  30  3:35  Marine, SCV  
  30  3:38  Marine  
  32  3:44  Factory Tech Lab  
  32  3:45  Starport  
  32  3:46  SCV  
  32  3:47  SCV  
  34  3:49  Marine  
  35  3:56  Marine  
  35  3:59  SCV x2  
  35  4:00  Marine  
  39  4:03  Siege Tank  
  39  4:09  Supply Depot  
  42  4:11  SCV x2  
  42  4:16  Marine  
  45  4:23  SCV  
  46  4:27  Supply Depot  
  46  4:28  Starport Reactor  
  46  4:30  Marine  
  48  4:33  Supply Depot  
  48  4:35  Marine, Siege Tank  
  48  4:37  SCV x2  
  53  4:41  Marine  
  53  4:49  SCV x2  
  53  4:52  Supply Depot  
  55  4:53  Marine x2  
  57  5:01  SCV x2  
  59  5:12  Command Center  
  59  5:13  SCV x2  
  61  5:15  Medivac  
  61  5:17  Marine  
  61  5:18  Marine  
  61  5:19  Marine  
  66  5:25  SCV  
  66  5:27  SCV  
  66  5:28  Refinery  
  68  5:29  Refinery  
  68  5:35  Engineering Bay x2, Marine  
  69  5:36  Medivac  
  69  5:40  SCV x2  
  69  5:42  Marine x2  
  75  5:52  SCV  
  75  5:56  Medivac  
  78  6:01  Supply Depot  
  78  6:08  Barracks  
  78  6:11  Supply Depot  
  78  6:16  Barracks x2  
  78  6:17  Bunker  
  78  6:18  Siege Tank  
  78  6:20  Bunker  
  78  6:23  SCV  
  82  6:26  Orbital Command  
  82  6:27  Barracks Reactor  
  82  6:31  Liberator  
  85  6:38  SCV x2  
  87  6:40  Terran Infantry Weapons Level 1, Terran Infantry Armor Level 1  
  87  6:46  Liberator  
  88  6:48  Barracks Reactor  
  88  6:50  SCV x2  
  90  6:56  SCV  
  90  6:59  Siege Tank  
  94  7:04  Barracks Tech Lab  
  94  7:05  Barracks Tech Lab  
  94  7:07  Barracks Reactor  
  94  7:09  Supply Depot  
  94  7:11  Barracks Reactor  
  94  7:13  SCV  
  94  7:14  Supply Depot  
  94  7:15  Barracks Tech Lab, SCV  
  95  7:16  SCV  
  95  7:18  Supply Depot  
  97  7:23  Marine x2  
  97  7:27  Concussive Shells, Combat Shield, Supply Depot  
  99  7:33  Marine  
  100  7:40  SCV x2  
  100  7:41  Marauder x2  
  104  7:47  Medivac x2  
  104  7:48  Orbital Command  
  104  7:51  Marine  
  109  7:52  Marine x2, SCV  
  109  7:57  Siege Tank  
  109  7:58  Barracks  
  115  8:02  Marine x2  
  117  8:08  Marine  
  117  8:09  SCV  
  117  8:10  Marine x2  
  111  8:16  SCV x2  
  113  8:20  Marine, Marauder  
  113  8:21  SCV  
  113  8:25  Medivac x2  
  113  8:26  Marine  
  122  8:28  Marine x2, SCV x2  
  122  8:31  Siege Tank  
  129  8:34  SCV  
  129  8:35  Refinery  
  129  8:37  Refinery  
  129  8:38  Marauder  
  129  8:40  SCV  
  133  8:42  SCV  
  133  8:44  Missile Turret, Marine  
  133  8:45  Marine  
  133  8:46  Marine, SCV  
  139  8:49  Factory  
  139  8:52  Marauder, SCV  
  139  8:55  SCV  
  142  8:56  Supply Depot  
  142  8:57  Barracks Reactor  
  142  8:59  Marine, SCV  
  142  9:02  Marine  
  144  9:03  Marine x2, Siege Tank  
  144  9:04  SCV  
  144  9:05  Armory  
  144  9:07  SCV  
  151  9:13  Supply Depot  
  151  9:14  Supply Depot  
  153  9:17  Marauder  
  153  9:20  Marine, Marauder  
  156  9:26  Supply Depot  
  156  9:29  Marine x2  
  142  9:34  Ghost Academy  
  142  9:35  Siege Tank  
  142  9:37  Factory Tech Lab  
  145  9:39  Liberator, Marauder, SCV  
  145  9:40  Liberator  
  145  9:44  Marine x2  
  158  9:47  Command Center  
  158  9:50  Marauder  
  158  9:51  Marine  
  161  9:55  Terran Infantry Armor Level 2  
  158  10:03  Supply Depot  
  158  10:05  Terran Infantry Weapons Level 2  
  158  10:06  Marine  
  158  10:07  Marine, Siege Tank  
  159  10:13  Siege Tank  
  166  10:19  Supply Depot  
  166  10:29  Ghost  
  166  10:33  Marauder  
  168  10:36  Barracks  
  168  10:38  Barracks, SCV x3  
  168  10:39  Ghost  
  168  10:40  Siege Tank, Supply Depot  
  176  10:50  SCV  
  176  10:51  Siege Tank  
  176  10:53  Ghost  
  181  10:58  Marine x2  
  181  10:59  Marauder  
  181  11:03  Marine  
  179  11:08  Marauder  
  178  11:14  Marine  
  178  11:16  Marine x2  
  175  11:20  Marauder  
  175  11:21  Marine, SCV  
  175  11:22  Ghost  
  173  11:26  SCV  
  173  11:30  Marauder  
  173  11:32  Marine  
  174  11:34  Marine x2, SCV  
  174  11:35  Siege Tank  
  174  11:37  Barracks x2  
  174  11:38  Marine, Siege Tank  
  174  11:39  Barracks  
  183  11:41  Marauder, Barracks Tech Lab  
  183  11:43  SCV  
  186  11:50  Refinery, Ghost  
  186  11:51  Marauder  
  186  11:53  Planetary Fortress  
  190  11:54  Refinery  
  190  11:56  SCV x2  
  190  11:59  Liberator  
  195  12:03  Marauder, Missile Turret  
  195  12:05  Barracks Tech Lab  
  195  12:07  Siege Tank  
  200  12:12  Missile Turret  
  200  12:23  Terran Infantry Weapons Level 3  
  200  12:35  Terran Infantry Armor Level 3  
  200  12:37  Command Center  
  200  12:38  Command Center  
  200  12:42  Ghost x2  
  200  12:50  Siege Tank  
  199  12:56  Ghost  
  199  12:57  Marine x3  
  199  12:58  Marauder, Barracks Tech Lab  
  194  12:59  Barracks Tech Lab  
  194  13:02  Marine  
  195  13:07  Barracks Reactor  
  195  13:11  Marauder x2  
  199  13:15  Marine  
  199  13:19  Marauder  
  190  13:25  Marauder  
  190  13:26  Siege Tank, Ghost  
  193  13:29  Marine  
  193  13:31  Liberator  
  193  13:32  Marine  
  193  13:33  Marauder  
  197  13:42  Liberator  
  197  13:46  Marine  
  197  13:49  Ghost  
  197  13:52  SCV  
  197  13:53  Ghost  
  198  13:59  Orbital Command  
  198  14:07  Refinery  
  198  14:09  Command Center  
  190  14:11  Refinery, Command Center, Fusion Core  
  190  14:14  Medivac  
  188  14:19  Marine  
  188  14:20  Marauder  
  188  14:21  Marine  
  188  14:22  Marine x3, Marauder x2  
  169  14:25  Medivac, Marine, Siege Tank, Marauder  
  169  14:26  Marauder  
  158  14:31  Marauder  
  134  14:39  Marine  
  134  14:41  Marauder  
  134  14:42  Planetary Fortress  
  134  14:44  Liberator, Marauder  
  134  14:46  Ghost  
  134  14:49  Marine x3  
  134  14:52  SCV x3  
  144  14:55  Personal Cloaking  
  144  14:59  Caduceus Reactor, Marine x2, Marauder x2  
  146  15:03  Marine x2  
  147  15:07  Ghost  
  147  15:09  Marine  
  151  15:14  Marine  
  151  15:16  Marauder, Marine x2  
  151  15:17  Marine  
  151  15:20  SCV x2  
  151  15:21  SCV  
  161  15:28  Ghost  
  164  15:29  Marauder  
  164  15:30  Medivac x2  
  164  15:34  Marauder x2  
  170  15:37  Marauder x2  
  170  15:42  Sensor Tower  
  174  15:44  Sensor Tower, Siege Tank  
  174  15:46  Siege Tank  
  177  15:53  Sensor Tower  
  177  15:55  Marauder  
  181  15:57  Marine x2, SCV  
  181  16:00  Marine x2  
  184  16:09  SCV  
  182  16:12  Sensor Tower  
  182  16:16  Siege Tank  
  183  16:18  Siege Tank  
  183  16:19  Marauder  
  183  16:22  Marauder  
  183  16:23  Marauder  
  186  16:29  Marauder  
  186  16:31  Marauder  
  186  16:32  Liberator  
  190  16:33  Marauder, Marine  
  190  16:34  Marine x2  
  190  16:35  Marine x3  
  190  16:38  Orbital Command  
  174  16:40  Marauder  
  174  16:43  Liberator, Marauder  
  174  16:44  Marauder  
  178  16:48  Siege Tank  
  178  16:50  Siege Tank  
  178  16:51  Marauder, Marine x2  
  178  16:52  Marauder, Marine x3  
  191  16:54  Marauder, Marine  
  191  17:02  Marauder, SCV  
  191  17:04  Marine  
  191  17:05  Marine  
  191  17:07  SCV x3  
  193  17:12  Marauder  
  193  17:13  Marauder  
  193  17:14  Marine  
  189  17:18  Marine x2  
  189  17:20  Marine  
  189  17:22  Marauder  
  191  17:23  Marauder, SCV  
  191  17:24  Marauder, SCV  
  191  17:26  Marauder  
  195  17:34  Medivac, Marauder  
  195  17:35  Marauder  
  179  17:40  Marine  
  179  17:42  Marine  
  179  17:43  Planetary Fortress  
  179  17:44  Marauder  
  147  17:45  Marauder x2, SCV  
  147  17:47  Marauder  
  147  17:50  Marine  
  146  17:52  Medivac  
  146  17:55  Marauder  
  146  17:56  Marauder  
  146  17:58  Siege Tank  
  155  18:04  Medivac  
  155  18:05  Marauder  
  141  18:06  Marauder x2  
  141  18:08  Marauder  
  141  18:12  Marine  
  149  18:13  Marine  
  149  18:14  Nuke  
  149  18:16  Marauder, SCV x4  
  149  18:18  SCV  
  159  18:22  Marine, Infernal Pre-Igniter  
  156  18:28  SCV  
  156  18:29  Ghost  
  156  18:30  Marine x2  
  162  18:34  Marine  
  162  18:36  Factory  
  162  18:37  Refinery, Barracks Tech Lab  
  163  18:43  Siege Tank  
  163  18:44  Terran Vehicle Weapons Level 1, Siege Tank  
  166  18:51  Missile Turret  
  166  18:52  Missile Turret  
  166  18:56  Marine x2  
  163  19:04  Neosteel Armor  
  163  19:07  Ghost  
  155  19:10  SCV x2  
  155  19:11  Marine x2  
  155  19:15  Ghost  
  155  19:16  Hellion, Marine x3, Siege Tank  
  166  19:18  SCV x2  
  168  19:24  Nuke  
  168  19:28  Refinery, Hellion  
  168  19:29  Hellion  
  166  19:37  Hellion, Marauder  
  168  19:40  SCV  
  168  19:41  SCV  
  168  19:48  Hellion  
  168  19:50  Hellion x2, SCV  
  168  19:51  SCV  
  177  19:58  Siege Tank  
  174  20:09  Hellion  
  174  20:11  Hellion x2, Marauder x4  
  174  20:12  Marauder x3  
  192  20:16  Marine  
  190  20:25  Marine  
  190  20:26  Marine  
  131  20:31  Hellion  
  131  20:32  Marauder x3  
  131  20:33  Marauder x2  
  119  20:35  Marauder  
  119  20:36  SCV x2  
  119  20:41  Marauder  
  102  20:47  Hellion  
  93  20:54  Marauder  
  89  21:06  Orbital Command  
  89  21:08  SCV  
  77  21:12  SCV  
  75  21:24  SCV  
  74  21:27  SCV  
  74  21:28  SCV  
Tags
 
Add a new tag
Caveats
  • Supply blocks, unpowered buildings, or Contaminate may cause inaccurate times.
  • Supply counts are checked every 10 seconds.